 Dungeon Crawl Stone Soup version 0.28.0-45-g0d030f2227 (webtiles) character file.

Game seed: 856723652471139855

480 DuloT34 the Sneak (level 6, -6/32 HPs)
             Began as a Vampire Enchanter on May 24, 2022.
             Mangled by an orc warrior
             ... wielding a +0 mace
              (15 damage)
             ... on level 4 of the Dungeon.
             The game lasted 00:07:06 (5596 turns).

DuloT34 the Sneak (Vampire Enchanter)               Turns: 5596, Time: 00:07:07

Health: -6/32      AC:  0    Str:  3 (7)  XL:     6   Next: 86%
Magic:  0/9        EV: 19    Int: 15 (18) God:
Gold:   220        SH:  0    Dex: 18 (21) Spells: 1/9 levels left

rFire   . . .      SeeInvis +   (weapon currently unavailable)
rCold   + + .      Faith    .   (shield currently unavailable)
rNeg    + + +      Spirit   .   (armour currently unavailable)
rPois   ∞          Reflect  .   (helmet currently unavailable)
rElec   .          Harm     .   (cloak currently unavailable)
rCorr   .          Rampage  .   (gloves currently unavailable)
Will    .....                   (boots currently unavailable)
Stlth   ++++++....              (no amulet)
HPRegen 0.00/turn               (ring currently unavailable)
MPRegen 0.11/turn               (ring currently unavailable)

@: bat-form, flying, bloodless, inhibited regen, very quick
A: fast, flying, no casting, tiny, bloodless, fangs 3, see invisible, vampiric 2
a: Revivify, End Transformation


You were on level 4 of the Dungeon.
You were a vampire bat.
You visited 1 branch of the dungeon, and saw 6 of its levels.

You collected 220 gold pieces.

Inventory:

Hand Weapons
 a - a +2 dagger
 p - a +0 dagger of venom (melded)
 r - a +2 hunting sling of freezing
Missiles
 j - 5 boomerangs (quivered)
Armour
 b - a +0 robe (melded)
 d - a +0 pair of boots (melded)
 s - a +0 kite shield
Jewellery
 g - a ring of wizardry (melded)
 n - a ring of protection from cold
 t - a +6 ring of intelligence
Wands
 o - a wand of acid (5)
 q - a wand of flame (9)
Scrolls
 h - 3 scrolls of teleportation {unknown}
 l - a scroll of enchant weapon
Potions
 c - a potion of invisibility
 e - a potion of curing
 f - 2 potions of lignification {unknown}
 i - a potion of degeneration {unknown}
 k - a potion of berserk rage {unknown}
 m - a potion of brilliance {unknown}


   Skills:
 + Level 4.5 Short Blades
 - Level 2.1 Dodging
 + Level 7.9 Stealth
 - Level 2.0 Spellcasting
 + Level 7.3 Hexes


You had one spell level left.
You knew the following spells:

 Your Spells              Type           Power      Damage    Failure   Level
a - Ensorcelled Hibernat  Hex/Ice        24%        N/A       8%          2
b - Confusing Touch       Hex            23%        N/A       3%          3
c - Tukima's Dance        Hex            23%        N/A       3%          3

Your spell library contained the following spells:

 Spells                   Type           Power      Damage    Failure   Level
 Dazzling Flash           Conj/Hex       24%        N/A       14%         3
 Corpse Rot               Necr/Air       2%         N/A       32%         2
 Poisonous Vapours        Pois/Air       2%         N/A       32%         2


Dungeon Overview and Level Annotations

Branches:
Dungeon (6/15)
 Temple: D:4-7

Altars:
Makhleb
Okawaru
Sif Muna
Trog

Shops:
D:4 (

Annotations:
D:4 Natasha


Innate Abilities, Weirdness & Mutations

You are a vampire bat.
You are tiny and dextrous.
You move quickly.
You are flying.
You are immune to poison.
Your equipment is almost entirely melded.
You are incapable of wielding weapons or throwing items.
You cannot cast spells.
You do not regenerate when monsters are visible.
You are frail without blood (-20% HP).
You can heal yourself when you bite living creatures.
You are immune to poison.
You have razor-sharp teeth.
You have supernaturally acute eyesight. (SInv)
You are afflicted with vampirism and can become a bat while bloodless.


Message History

Casting: Ensorcelled Hibernation (safe; 2% risk of failure)
Confirm with . or Enter, or press ? or * to list all spells.
You don't know that spell.
Casting: Ensorcelled Hibernation (safe; 2% risk of failure)
Confirm with . or Enter, or press ? or * to list all spells.
Aiming: Tukima's Dance (safe; 1% risk of failure)
Press: ? - help, Shift-Dir - straight line, f - orc warrior, p - Natasha
Aim: an orc warrior, wielding a +0 mace and wearing a +0 chain mail (chance to affect: 57%)
The orc warrior resists with significant effort.
Natasha hisses angrily.
The orc warrior closely misses you.
Natasha mumbles some strange words.
The orc warrior closely misses you. The orc warrior barely misses you.
Casting: Tukima's Dance (safe; 1% risk of failure)
Confirm with . or Enter, or press ? or * to list all spells.
Aiming: Tukima's Dance (safe; 1% risk of failure)
Press: ? - help, Shift-Dir - straight line, f/p - orc warrior
Aim: an orc warrior, wielding a +0 mace and wearing a +0 chain mail (chance to affect: 57%)
The orc warrior resists with significant effort.
The crimson imp closely misses you.
The orc warrior hits you with a +0 mace!
The crimson imp hits you. The orc warrior closely misses you.
The crimson imp blinks!
Natasha casts a spell.
You feel yourself speed up.
The crimson imp disappears in a puff of smoke!
Natasha stares at you and mumbles some strange words.
The magic dart hits you!
* * * LOW HITPOINT WARNING * * *
Natasha mumbles some strange words.
You turn into a vampire bat.
Your +0 dagger of venom melds into your body.
Your +0 pair of boots melds into your body.
Your +0 robe melds into your body.
Your ring of wizardry melds into your body.
Your +0 dagger of venom stops dripping with poison.
You feel weakened.
You feel dopey.
You feel clumsy.
The orc warrior hits you with a +0 mace!
You die...

......##...###########(#.........
.....####............#......#####
..>.## #.##########).......####.
....## ##.# #....#...###......##.
##...###..# ##......## ##........
.#....##.## #......####.....###.
.#.......# #..............## ##
.#.......#####....#####....## #
.#..............b.....#....## #
......#.#.#.#.5o#####.#.....#####
................## #.#.......##.
#.....#.#.#.#.h..####.########...
...............#...##.......##...
.###..#.#.#5#.###...#######..###.
..###.........# ##............#..
......#.#.#.#.# #...............
..............# ##..............#


You could see an orc warrior, Natasha, a crimson imp (summoned) and a shadow imp
(summoned).

Vanquished Creatures
  Eustachio (D:4)
  A scorpion (D:5)
  A hound (D:4)
  Ijyb (D:4)
  Natasha (D:4)
  An iguana (D:5)
  An orc wizard (D:4)
  A killer bee zombie (D:4)
  7 adders
  An ufetubus (D:4)
  A worm (D:2)
  2 dart slugs
  2 orcs
  4 ball pythons
  2 endoplasms
  3 giant cockroaches
  8 goblins
  7 hobgoblins
  2 quokkas
  6 bats
  5 frilled lizards
  7 kobolds
  2 rats
67 creatures vanquished.

Notes
Turn   | Place    | Note
-------+----------+-------------------------------------------
     0 | D:1      | DuloT34 the Vampire Enchanter began the quest for the Orb.
     0 | D:1      | Reached XP level 1. HP: 13/13 MP: 3/3
   566 | D:1      | Reached XP level 2. HP: 15/15 MP: 5/5
   569 | D:1      | Learned a level 2 spell: Ensorcelled Hibernation
   906 | D:1      | Reached skill level 5 in Stealth
  1249 | D:2      | Reached skill level 5 in Hexes
  1249 | D:2      | Gained mutation: You are afflicted with vampirism and can
                  | become a bat while bloodless. [Vampire growth]
  1249 | D:2      | Reached XP level 3. HP: 19/19 MP: 6/6
  1505 | D:2      | Found a faded altar of an unknown god.
  1781 | D:2      | Identified the +1 ring mail of the Trees {Will- rCorr
                  | Dex+5}
  2371 | D:3      | Learned a level 3 spell: Confusing Touch
  2404 | D:3      | Reached XP level 4. HP: 24/24 MP: 2/7
  2798 | D:3      | Found a burning altar of Makhleb.
  3072 | D:3      | Found an iron altar of Okawaru.
  3285 | D:4      | Found Rekeuxedgh's Antique Weapon Shoppe.
  3330 | D:4      | Noticed Eustachio
  3340 | D:4      | Killed Eustachio
  3341 | D:4      | Reached XP level 5. HP: 28/28 MP: 5/8
  3446 | D:4      | Found a shimmering blue altar of Sif Muna.
  3453 | D:4      | Reached XP level 6. HP: 32/32 MP: 9/9
  3458 | D:4      | Found a bloodstained altar of Trog.
  3458 | D:4      | Noticed an orc warrior
  3557 | D:3      | HP: 1/32 [goblin/+0 dagger (3)]
  4118 | D:4      | You fall into a shaft and drop 2 floors!
  4131 | D:5      | Entered Level 5 of the Dungeon
  4423 | D:4      | Learned a level 3 spell: Tukima's Dance
  4442 | D:4      | Noticed Ijyb
  4446 | D:4      | Killed Ijyb
  4879 | D:4      | Noticed Natasha
  4894 | D:4      | Killed Natasha
  5571 | D:4      | Noticed Natasha
  5596 | D:4      | Mangled by an orc warrior

Illustrated notes

Levels and vault maps discovered:
D:1:      amcnicky_arrival_blooded_trapdoor, layout_basic
D:2:      layout_loops_corners, ebering_ecumenical_altar_abandoned,
          minmay_cut_off
D:3:      layout_loops_corners, mainiacjoe_overflow_brackets,
          mainiacjoe_overflow_catwalk, minmay_misc_feat_ornament
D:4:      layout_layer_cave, nzn_overflow_gifts_of_might_and_magic,
          serial_shops, shop_statue, serial_co_window_serial, co_window_paths_a,
          co_window_corner_a, co_window_corner_a, co_window_paths_a,
          co_window_corner_a, co_window_corner_a, co_window_corner_a,
          co_window_paths_b, co_window_paths_b, co_window_2corner,
          co_window_2corner, co_window_of_opportunity_c,
          co_window_of_opportunity_c, glass_columns_b, glass_columns_a,
          glass_columns_b, glass_columns_a, glass_columns_c, uniq_eustachio,
          uniq_ijyb, uniq_natasha
D:5:      layout_basic, minmay_temple_entry_poolview,
          kennysheep_generic_room_13, uniq_grinder, uniq_crazy_yiuf_cottage,
          uniq_prince_ribbit1
D:6:      layout_basic, zin_purify, serial_park_tiny_2, nicolae_shop_self_help,
          uniq_blork_the_orc, uniq_maggie

Skill      XL: |  1  2  3  4  5  6 |
---------------+-------------------+-----
Stealth        | 5 6 7 |  7.9
Short Blades   | 2 3 4 |  4.5
Hexes          | 5 6 7 |  7.3
Dodging        | |  2.1
Spellcasting   | |  2.0

Action                   |  1- 3 |  4- 6 || total
-------------------------+-------+-------++-------
Melee: Dagger            |   113 |    69 ||   182
       Bite              |    10 |     4 ||    14
       Punch             |     2 |     1 ||     3
       Unarmed           |       |     1 ||     1
 Cast: Ensorcelled Hiber |     9 |    16 ||    25
       Tukima's Dance    |       |     2 ||     2
       Confusing Touch   |       |     2 ||     2
 Abil: Exsanguinate      |     1 |       ||     1
       Bat Form          |       |     2 ||     2
       End Transformatio |       |     1 ||     1
  Use: Scroll            |     3 |       ||     3
       Potion            |       |     1 ||     1
 Stab: Sleeping          |    25 |    24 ||    49
       Distracted        |     1 |       ||     1
Armor: Robe              |     7 |    12 ||    19
Dodge: Dodged            |    59 |    38 ||    97
